Map: Lerilak Crest

Players

LiveZerg - Winner!

  • Race: Zerg Zerg
  • League: Master

nExt

  • Race: Zerg Zerg
  • League: Master

Event: NationWars III

VOD

Have the link to the VOD?

Description

Time

  • Played on: Nov. 21, 2015, noon
  • Length: 3:30

All games in this series

Show
View Real Time Build Order
Export as new Build Order

LiveZerg Zerg - Winner!

Build Orders: Pool Only 

Get SALT Encoding   

  12  0:00  Drone  
  13  0:22  Spawning Pool  
  13  0:26  Drone  
  13  0:32  Drone, Extractor  
  13  0:36  Drone  
  13  0:42  Extractor  
  13  0:43  Drone  
  15  0:52  Overlord  
  15  1:10  Queen  
  15  1:11  Zergling x2  
  18  1:12  Zergling x2  
  19  1:20  Zergling x2  
  20  1:31  Zergling x2  
  20  1:32  Metabolic Boost  
  21  1:42  Zergling x2  
  22  1:52  Baneling Nest  
  22  1:53  Overlord  
  21  2:05  Zergling x2  
  22  2:14  Zergling x2  
  23  2:21  Zergling x4  
  23  2:22  Zergling x2  
  26  2:33  Zergling x2  
  27  2:41  Baneling x2  
  27  2:44  Zergling x2  
  27  2:50  Zergling x2  
  29  2:56  Zergling x2  
  29  2:57  Overlord  
  29  3:12  Zergling x4  
Show
View Real Time Build Order
Export as new Build Order

nExt Zerg 

Build Orders: Hatch First 

Get SALT Encoding   

  12  0:01  Drone  
  13  0:12  Overlord  
  13  0:19  Drone  
  14  0:30  Drone x2  
  14  0:34  Drone  
  17  0:52  Hatchery  
  17  0:55  Drone  
  17  0:59  Drone  
  18  1:08  Extractor  
  17  1:13  Spawning Pool  
  17  1:17  Drone  
  17  1:20  Drone  
  18  1:28  Drone  
  19  1:40  Overlord  
  19  2:00  Queen  
  21  2:01  Spine Crawler, Zergling x4  
  22  2:15  Zergling x2  
  23  2:23  Zergling x2  
  23  2:28  Zergling x2  
  25  2:34  Zergling x2  
  26  2:43  Zergling x4  
  28  2:48  Zergling x4  
  29  2:56  Zergling x2  
  29  2:57  Zergling x2  
  30  3:07  Zergling x4  
  30  3:10  Zergling x6  
Tags
 
Add a new tag
Caveats
  • Supply blocks, unpowered buildings, or Contaminate may cause inaccurate times.
  • Supply counts are checked every 10 seconds.